Map: Torres Crepusculares

Players

TheKing

  • Race: Terran Terran
  • League: Master

TheZergLord - Winner!

  • Race: Zerg Zerg
  • League: Master

VOD

Have the link to the VOD?

Description

Time

  • Played on: May 25, 2016, 1:51 p.m.
  • Length: 12:58
Show
View Real Time Build Order
Export as new Build Order

TheKing Terran 

Build Orders: Reaper Expand, MMM Bio 

Get SALT Encoding   

  12  0:01  SCV  
  13  0:13  SCV  
  14  0:18  Supply Depot  
  14  0:25  SCV  
  15  0:39  SCV  
  15  0:40  Barracks  
  16  0:46  Refinery  
  16  0:51  SCV  
  17  1:03  SCV  
  18  1:15  SCV  
  19  1:28  Orbital Command  
  19  1:30  Reaper  
  20  1:44  Command Center  
  20  1:53  SCV  
  21  2:05  Marine  
  21  2:06  Factory  
  21  2:08  SCV  
  23  2:14  Supply Depot  
  23  2:19  Refinery  
  23  2:29  Engineering Bay  
  23  2:35  Barracks Reactor  
  23  2:36  SCV  
  24  2:57  SCV  
  24  3:04  SCV  
  24  3:05  Starport  
  24  3:14  SCV  
  24  3:17  Orbital Command  
  25  3:20  Hellion x2  
  25  3:22  Barracks Tech Lab  
  25  3:26  SCV  
  30  3:38  SCV  
  31  3:42  Stimpack, Hellion x2  
  31  3:43  Viking  
  31  3:46  SCV  
  38  3:50  SCV  
  39  3:58  SCV  
  40  4:07  SCV  
  40  4:08  Widow Mine x2  
  40  4:09  Marine  
  46  4:17  Command Center  
  46  4:38  Supply Depot  
  46  4:40  Supply Depot  
  46  4:42  Liberator  
  46  4:53  Barracks  
  46  4:59  Engineering Bay, Factory Tech Lab  
  46  5:00  SCV x2  
  51  5:12  SCV x2  
  51  5:14  Marine  
  54  5:18  Refinery  
  54  5:23  Engineering Bay  
  54  5:24  SCV x2  
  54  5:27  Barracks  
  56  5:28  Missile Turret  
  56  5:30  Barracks x2, Terran Infantry Armor Level 1  
  56  5:36  SCV, Orbital Command  
  57  5:50  Supply Depot  
  57  5:54  SCV  
  57  5:56  Terran Infantry Weapons Level 1  
  58  5:58  Orbital Command  
  58  5:59  Armory  
  58  6:06  Marine  
  58  6:07  Marine, Marauder  
  58  6:11  Starport Reactor  
  62  6:12  Combat Shields  
  62  6:15  SCV  
  63  6:20  Barracks Tech Lab  
  63  6:21  Barracks Reactor  
  63  6:22  Missile Turret x2, Barracks Reactor  
  63  6:24  Marine  
  64  6:29  Marauder  
  62  6:40  Marine  
  62  6:41  Marauder  
  62  6:42  Marine  
  62  6:46  Siege Tank  
  65  6:48  SCV x2  
  65  6:49  SCV  
  65  6:50  Marauder  
  70  6:58  Marine x2  
  70  6:59  Marine x2  
  70  7:00  SCV x2, Marine  
  77  7:01  SCV  
  77  7:02  Marauder  
  77  7:04  Concussive Shells  
  80  7:11  Marine  
  80  7:12  SCV, Marine  
  80  7:13  Medivac  
  85  7:21  Supply Depot x3  
  85  7:37  Medivac, Marine  
  85  7:42  SCV, Marine x4  
  85  7:43  Marauder x2  
  94  7:44  Supply Depot  
  94  7:46  Supply Depot  
  94  7:50  Medivac  
  96  7:58  Refinery x2  
  96  7:59  Missile Turret  
  96  8:00  Command Center  
  96  8:07  Medivac  
  94  8:23  Liberator x2  
  77  8:37  Marine  
  77  8:39  Marine x3  
  77  8:40  Marauder  
  75  8:41  Marine  
  75  8:42  Marine  
  75  8:43  Marine  
  75  8:46  Terran Infantry Armor Level 2  
  72  8:50  Refinery  
  72  8:52  Missile Turret  
  72  8:54  SCV, Missile Turret  
  72  8:55  Marine  
  74  8:57  Marine  
  74  8:58  Marine  
  74  8:59  Marine  
  74  9:00  Siege Tank  
  74  9:01  Marine, Marauder x2  
  85  9:03  SCV x2  
  85  9:04  Marine  
  85  9:06  SCV  
  89  9:13  Marine  
  89  9:14  Terran Infantry Weapons Level 2  
  89  9:15  SCV  
  81  9:29  Marine  
  81  9:30  Marine x3, Marauder x2  
  88  9:34  Marine x2  
  88  9:47  Marine  
  88  9:48  SCV  
  88  9:51  Liberator x2, Marauder  
  88  9:52  Marauder  
  94  9:53  Marine x3  
  94  9:54  Marine  
  94  9:57  Marine  
  96  10:05  Marine  
  96  10:06  SCV  
  96  10:07  SCV x2  
  100  10:11  Marine, Drilling Claws  
  100  10:13  Marauder x2  
  110  10:20  Marine x2  
  112  10:24  Planetary Fortress  
  112  10:31  Marine x2  
  112  10:34  Marauder  
  112  10:35  Marauder  
  118  10:37  Terran Vehicle Weapons Level 1  
  118  10:40  Marine, Supply Depot  
  118  10:41  Supply Depot  
  119  10:43  Marine  
  119  10:48  Barracks  
  118  10:56  Marauder x2  
  122  10:58  Missile Turret  
  122  10:59  SCV  
  122  11:02  SCV x2  
  125  11:04  Marine  
  125  11:05  Marine, Medivac  
  125  11:06  Refinery x2  
  129  11:13  Factory  
  129  11:17  Marauder  
  130  11:28  Marine, Marauder  
  132  11:38  Marauder  
  134  11:41  Medivac x2, Widow Mine  
  139  11:50  Barracks Reactor  
  139  11:53  Factory  
  132  11:56  Barracks Reactor  
  132  11:58  Marine  
  133  12:04  SCV x2  
  135  12:09  Widow Mine  
  135  12:10  SCV x2, Command Center  
  135  12:11  Marine  
  140  12:16  SCV  
  140  12:17  Command Center  
Show
View Real Time Build Order
Export as new Build Order

TheZergLord Zerg - Winner!

Build Orders: Hatch First, Muta Ling Bane 

Get SALT Encoding   

  12  0:01  Drone  
  13  0:12  Overlord  
  13  0:17  Drone  
  14  0:31  Drone  
  14  0:32  Drone  
  14  0:34  Drone  
  17  0:54  Hatchery  
  17  0:56  Drone  
  17  1:09  Spawning Pool  
  16  1:11  Drone  
  16  1:13  Extractor  
  16  1:17  Drone  
  17  1:20  Drone  
  18  1:28  Drone  
  19  1:40  Overlord  
  19  1:56  Queen, Zergling x2  
  19  2:01  Zergling x2  
  23  2:06  Queen, Zergling x2  
  26  2:12  Drone  
  27  2:16  Metabolic Boost  
  27  2:19  Drone  
  28  2:23  Drone  
  29  2:35  Spore Crawler  
  28  2:41  Drone x3  
  31  2:52  Drone  
  32  2:58  Queen  
  32  2:59  Overlord  
  32  3:00  Drone x2  
  36  3:19  Drone x3  
  39  3:20  Overlord  
  39  3:23  Queen, Hatchery  
  39  3:24  Drone  
  41  3:29  Drone  
  41  3:30  Drone x2  
  44  3:39  Queen  
  46  3:44  Overlord  
  46  3:45  Drone x2  
  46  3:46  Drone  
  49  3:48  Drone  
  49  3:50  Drone  
  49  3:52  Drone  
  51  4:04  Spine Crawler  
  51  4:06  Overlord  
  51  4:07  Zergling x6  
  53  4:10  Drone  
  54  4:19  Overlord x2  
  54  4:24  Queen  
  56  4:38  Lair  
  56  4:41  Drone x4  
  56  4:42  Drone x3  
  63  4:52  Overlord  
  63  4:54  Drone x6  
  63  4:56  Drone  
  70  5:03  Evolution Chamber, Baneling Nest  
  70  5:04  Drone x2  
  71  5:07  Drone x3  
  73  5:18  Drone x3  
  76  5:22  Hatchery  
  76  5:24  Drone x5  
  76  5:28  Extractor x2  
  78  5:30  Zerg Ground Armor Level 1  
  78  5:31  Extractor  
  78  5:32  Drone x3, Extractor  
  78  5:33  Extractor  
  77  5:43  Drone x4  
  77  5:45  Overlord x2  
  81  5:59  Hatchery  
  81  6:03  Drone x3  
  83  6:05  Zergling x6  
  83  6:06  Zergling x6  
  83  6:07  Centrifical Hooks  
  89  6:15  Spire  
  89  6:17  Overlord x2  
  82  6:40  Drone x3  
  82  6:41  Drone, Zergling x2  
  82  6:42  Zergling x12  
  93  6:54  Overlord  
  91  6:55  Baneling x2  
  91  6:56  Baneling x2  
  91  7:06  Zergling x10  
  91  7:07  Zergling x8  
  100  7:16  Queen  
  101  7:27  Zerg Ground Armor Level 2  
  101  7:29  Drone x3  
  104  7:30  Evolution Chamber  
  104  7:36  Mutalisk x6  
  104  7:37  Mutalisk x4  
  105  7:42  Drone x2  
  105  7:43  Zergling x2  
  126  7:47  Overlord x3  
  126  7:49  Pneumatized Carapace  
  126  7:54  Overseer  
  126  7:56  Baneling  
  126  7:57  Baneling x6  
  126  8:00  Overlord x3  
  126  8:02  Zerg Melee Weapons Level 1  
  126  8:11  Zergling x2  
  126  8:12  Zergling x26  
  126  8:28  Zergling x2  
  126  8:29  Zergling x18  
  127  8:40  Drone  
  122  8:42  Infestation Pit  
  120  8:51  Drone x8, Extractor  
  120  8:52  Drone x5, Extractor  
  120  8:54  Baneling x6  
  131  8:58  Overseer  
  131  9:00  Mutalisk x3  
  131  9:01  Mutalisk x3  
  143  9:03  Drone x2  
  143  9:07  Baneling  
  143  9:08  Baneling x4  
  143  9:09  Zergling x2  
  147  9:10  Zergling x14  
  147  9:13  Hatchery  
  152  9:22  Zergling x12  
  158  9:26  Overlord x3  
  158  9:42  Overlord x4  
  158  9:47  Hive  
  158  9:51  Overlord  
  158  9:53  Zergling x14  
  158  9:54  Zergling x24  
  177  10:04  Zergling x2  
  177  10:05  Zergling x10  
  177  10:06  Zerg Melee Weapons Level 2  
  183  10:27  Zergling x2  
  183  10:28  Zergling x32  
  200  11:00  Baneling  
  200  11:01  Baneling x21  
  200  11:06  Ultralisk Cavern, Adrenal Glands  
  200  11:07  Drone  
  198  12:10  Extractor  
  198  12:13  Extractor  
  198  12:14  Drone x4  
  200  12:17  Hatchery  
Tags
 
Add a new tag
Caveats
  • Supply blocks, unpowered buildings, or Contaminate may cause inaccurate times.
  • Supply counts are checked every 10 seconds.